 Dungeon Crawl Stone Soup version 0.23.2-1-ga50397a (webtiles) character file.

Game seed: 17364491186373104414

2633 hung the Insei (level 9, 0/59 HPs)
             Began as an Octopode Transmuter on June 2, 2019.
             Was a Believer of Okawaru.
             Slain by a gnoll shaman
             ... wielding a +0 club
              (7 damage)
             ... on level 7 of the Dungeon.
             The game lasted 00:14:46 (8611 turns).

hung the Insei (Octopode Transmuter)                Turns: 8611, Time: 00:14:48

Health: 0/59       AC:  5    Str:  9    XL:     9   Next: 61%
Magic:  14/16      EV: 24    Int: 16    God:    Okawaru [**....]
Gold:   317        SH:  0    Dex: 20    Spells: 7/17 levels left

rFire    . . .     SeeInvis .     - Unarmed
rCold    . . .     Gourm    .   (shield currently unavailable)
rNeg     . . .     Faith    .   (helmet currently unavailable)
rPois    x         Spirit   .   (no amulet)
rElec    .         Reflect  .   d - +3 ring of protection
rCorr    +         Harm     .   g - ring of protection from magic
MR       +....                  t - ring of resist corrosion
Stlth    ++........             (no ring)
HPRegen  0.19/turn              (no ring)
MPRegen  0.15/turn              (no ring)
                                (no ring)
                                (no ring)

@: lethally poisoned (0 -> -44), spider-form (expiring)
A: tiny, almost no armour, stealthy swim, (amphibious), 8 rings, (constrict 8)
a: End Transformation, Heroism, Renounce Religion


You were on level 7 of the Dungeon.
You worshipped Okawaru.
Okawaru was pleased with you.
You were not hungry.
You were a venomous arachnid creature.
You visited 2 branches of the dungeon, and saw 8 of its levels.

You collected 317 gold pieces.

Inventory:

Hand Weapons
 i - a +1 dagger of electrocution (melded)
Missiles
 a - 134 arrows
 p - 5 javelins (quivered)
Jewellery
 d - a +3 ring of protection (left front leg)
 g - a ring of protection from magic (right front leg)
 t - a ring of resist corrosion (on tentacle)
Wands
 x - a wand of scattershot (7)
 z - a wand of clouds (6)
Scrolls
 e - a scroll of enchant weapon {unknown}
 h - 3 scrolls of fear {unknown}
 j - 2 scrolls of enchant armour {unknown}
 l - 3 scrolls of remove curse
 n - 2 scrolls of noise {unknown}
 o - 5 scrolls of identify {unknown}
 q - 5 scrolls of teleportation
 s - 2 scrolls of fog {unknown}
 y - a scroll of amnesia {unknown}
 D - a scroll of torment {unknown}
Potions
 b - 4 potions of heal wounds
 f - 4 potions of curing {unknown}
 k - a potion of invisibility {unknown}
 m - 6 potions of degeneration {unknown}
 r - a potion of lignification {unknown}
 u - a potion of ambrosia {unknown}
 v - a potion of brilliance {unknown}
 w - 2 potions of flight {unknown}
 A - a potion of mutation {unknown}
 B - 2 potions of haste {unknown}
Comestibles
 c - 11 rations


   Skills:
 + Level 4.4 Fighting
 + Level 5.1 Dodging
 - Level 1.0 Stealth
 + Level 6.6 Unarmed Combat
 * Level 4.9 Spellcasting
 * Level 5.3 Transmutations
 * Level 4.0 Ice Magic
 - Level 4.1 Poison Magic
 * Level 1.3 Invocations


You had 7 spell levels left.
You knew the following spells:

 Your Spells              Type           Power        Failure   Level  Hunger
a - Beastly Appendage     Tmut           ###...       8%          1    None
b - Sticks to Snakes      Tmut           ###.....     10%         2    ##.....
c - Spider Form           Tmut/Pois      ###.......   19%         3    ###....
d - Ice Form              Ice/Tmut       ###.....     43%         4    ####...

Your spell library contained the following spells:

 Spells                   Type           Power        Failure   Level  Hunger
 Blade Hands              Tmut           ###.......   65%         5    ######.


Dungeon Overview and Level Annotations

Branches:
Dungeon (7/15)             Temple (1/1) D:5

Altars:
Cheibriados
Dithmenos
Elyvilon
Fedhas
Gozag
Hepliaklqana
Kikubaaqudgha
Makhleb
Nemelex Xobeh
Okawaru
Qazlal
Ru
Sif Muna
Trog
Uskayaw
Vehumet
Wu Jian
Xom
Yredelemnul
Zin

Shops:
D:5 *   D:7 %*

Annotations:
D:4 Dowan
D:5 Grinder
D:6 2 runed translucent doors, Crazy Yiuf; Grendash's ghost, novice GrFi


Innate Abilities, Weirdness & Mutations

You cannot wear most types of armour.
You are very stealthy in the water. (Stealth+)
((You are amphibious.))
You can wear up to eight rings at the same time.
((You can use your tentacles to constrict eight enemies at once.))
((Your skin changes colour to match your surroundings (Stealth+).))
((Your rubbery body absorbs attacks. (AC +1, EV +1)))


Message History

* * * LOW HITPOINT WARNING * * *
You feel very sick. The jackal closely misses you.
The gnoll shaman completely misses you. The hound completely misses you.
The adder zombie misses you. The jackal completely misses you.
You completely miss the hound.
The hound is almost dead.
* * * LOW HITPOINT WARNING * * *
You feel very sick. The hound completely misses you.
The gnoll shaman misses you. The jackal completely misses you.
The adder zombie barely misses you. The hound bites you but does no damage.
You bite the gnoll shaman!
The gnoll shaman is poisoned.
The gnoll shaman is severely wounded.
* * * LOW HITPOINT WARNING * * *
You feel very sick. The jackal completely misses you. The hound bites you.
* * * LOW HITPOINT WARNING * * *
The gnoll shaman hits you with a +0 club!
You die...

...# ##.. ....##..
....... . .....# Z.
# #...## ...
#.###....## ....
#......gh.##.......
#...<.sZ........
#......h)......
####.....∩.....##
##..g..#.....#
#....##.##.(#
#...##..##..# #..
###...).##..####...
#....)##.....#....
##...#.............


You could see a gnoll sergeant, a gnoll shaman, a hound, an adder zombie and a
jackal.

Vanquished Creatures
  A hippogriff (D:7)
  Eustachio (D:6)
  Sigmund (D:4)
  Menkaure (D:5)
  3 phantoms
  3 ogres
  3 centaurs
  A bullfrog (D:6)
  A gnoll sergeant (D:7)
  Blork the orc (D:5)
  A water moccasin skeleton (D:6)
  A scorpion (D:6)
  A howler monkey (D:5)
  A crimson imp (D:6)
  2 centaur zombies (D:6)
  4 hounds
  A gnoll shaman (D:7)
  An orc priest (D:5)
  2 orc wizards (D:7)
  2 bullfrog skeletons (D:5)
  A centaur skeleton (D:5)
  2 iguanas (D:6)
  Ijyb (D:5)
  7 worker ants
  2 hound zombies (D:5)
  A worker ant zombie (D:6)
  A hound skeleton (D:5)
  9 adders
  4 gnolls (D:7)
  A shadow imp (D:5)
  3 worms
  An adder zombie (D:5)
  6 dart slugs
  A leopard gecko (D:2)
  11 orcs
  3 ball pythons
  4 giant cockroaches
  5 goblins
  4 hobgoblins
  5 jackals
  A quokka (D:5)
  4 bats
  2 frilled lizards
  A jackal zombie (D:5)
  8 kobolds
  A leopard gecko skeleton (D:4)
  5 rats
126 creatures vanquished.

Vanquished Creatures (collateral kills)
  A goblin (D:1)
1 creature vanquished.

Grand Total: 127 creatures vanquished

Notes
Turn   | Place    | Note
-------+----------+-------------------------------------------
     0 | D:1      | hung the Octopode Transmuter began the quest for the Orb.
     0 | D:1      | Reached XP level 1. HP: 13/13 MP: 3/3
   405 | D:1      | Reached XP level 2. HP: 12/18 MP: 5/5
   414 | D:1      | Learned a level 2 spell: Sticks to Snakes
   821 | D:1      | Reached XP level 3. HP: 18/23 MP: 6/6
  1234 | D:1      | Reached skill level 1 in Stealth
  1690 | D:1      | Learned a level 3 spell: Spider Form
  2339 | D:2      | Found a faded altar of an unknown god.
  2670 | D:3      | Reached XP level 4. HP: 28/28 MP: 7/7
  2701 | D:3      | Found an opulent altar of Gozag.
  2807 | D:3      | Reached skill level 4 in Unarmed Combat
  3241 | D:3      | Reached skill level 1 in Poison Magic
  3500 | D:4      | Noticed Dowan
  3642 | D:4      | Noticed Sigmund
  3643 | D:4      | Reached XP level 5. HP: 31/33 MP: 9/9
  3654 | D:4      | Killed Sigmund
  3654 | D:4      | Reached XP level 6. HP: 38/39 MP: 7/10
  3886 | D:4      | Found a blossoming altar of Fedhas.
  4509 | D:5      | Entered Level 5 of the Dungeon
  4596 | D:5      | Reached XP level 7. HP: 43/45 MP: 11/11
  4602 | D:5      | Learned a level 4 spell: Ice Form
  4721 | D:5      | Noticed Ijyb
  4727 | D:5      | Noticed Menkaure
  4729 | D:5      | Killed Ijyb
  4737 | D:5      | Killed Menkaure
  4737 | D:5      | Reached skill level 5 in Unarmed Combat
  4737 | D:5      | Reached skill level 1 in Ice Magic
  5018 | D:5      | Noticed Grinder
  5668 | D:5      | Reached XP level 8. HP: 37/51 MP: 13/13
  5680 | D:5      | Noticed Blork the orc
  5726 | D:5      | Killed Blork the orc
  5924 | D:5      | Found Vanlafeith's Assorted Antiques.
  6142 | D:5      | Found a staircase to the Ecumenical Temple.
  6167 | Temple   | Entered the Ecumenical Temple
  6310 | Temple   | Became a worshipper of Warmaster Okawaru
  7025 | D:6      | Noticed Eustachio
  7033 | D:6      | Killed Eustachio
  7040 | D:6      | Reached * piety under Okawaru
  7134 | D:6      | Reached skill level 6 in Unarmed Combat
  7134 | D:6      | Reached XP level 9. HP: 15/58 MP: 12/15
  7580 | D:6      | Reached skill level 5 in Transmutations
  8021 | D:6      | Found a runed translucent door.
  8022 | D:6      | Noticed Crazy Yiuf
  8058 | D:6      | Found a runed translucent door.
  8058 | D:6      | Noticed Grendash's ghost (novice GrFi)
  8160 | D:7      | Reached ** piety under Okawaru
  8321 | D:7      | Found Xeunnuim's Food Shoppe.
  8330 | D:7      | Reached skill level 5 in Dodging
  8330 | D:7      | Reached skill level 1 in Invocations
  8583 | D:7      | Found Wyidwira's Assorted Antiques.
  8611 | D:7      | Slain by a gnoll shaman

Skill      XL: |  1  2  3  4  5  6  7  8  9 |
---------------+----------------------------+-----
Stealth        | 1 |  1.0
Unarmed Combat | 4 5 6 |  6.6
Poison Magic   | 1 2 3 4 |  4.1
Fighting       | 2 3 4 |  4.4
Spellcasting   | 3 4 |  4.9
Transmutations | 3 4 5 |  5.3
Dodging        | 3 4 5 |  5.1
Ice Magic      | 1 3 4 |  4.0
Invocations    | 1 |  1.3

Action                   |  1- 3 |  4- 6 |  7- 9 || total
-------------------------+-------+-------+-------++-------
Melee: Unarmed           |    56 |    24 |    82 ||   162
       Constrict         |    24 |    11 |    34 ||    69
       Tentacles         |    14 |     5 |    42 ||    61
       Dagger            |    26 |    38 |   199 ||   263
       Punch             |     1 |     1 |     7 ||     9
 Cast: Sticks to Snakes  |     3 |       |       ||     3
       Spider Form       |       |     2 |     9 ||    11
Invok: Heroism           |       |       |     1 ||     1
  Use: Scroll            |       |     2 |     1 ||     3
       Potion            |       |       |     3 ||     3
 Stab: Sleeping          |     5 |     4 |     8 ||    17
  Eat: Chunk             |     5 |     7 |    10 ||    22
       Ration            |       |       |     1 ||     1
Armor: Skin              |     7 |     4 |    26 ||    37
Dodge: Dodged            |    43 |    37 |   261 ||   341
